 Dungeon Crawl Stone Soup version 0.28-a0-533-g9f97627e2a (webtiles) character file.

Game seed: 1423485129209154333

2651 Gargoyl the Fighter (level 9, -1/70 (74) HPs)
             Began as a Gnoll Abyssal Knight on Sept 26, 2021.
             Was a Priest of Lugonu.
             Slain by a two-headed ogre (18 damage)
             ... on level 8 of the Dungeon.
             The game lasted 00:11:23 (10159 turns).

Gargoyl the Fighter (Gnoll Abyssal Knight)         Turns: 10159, Time: 00:11:23

HP:   -1/70 (74)    AC: 16    Str: 15    XL:     9   Next: 62%
MP:   8/15          EV:  4    Int:  9    God:    Lugonu [***...]
Gold: 579           SH:  9    Dex: 14    Spells: 16/16 levels left

rFire   . . .      SeeInvis .   q - +1 hand axe (elec)
rCold   . . .      Faith    .   f - +0 kite shield
rNeg    . . .      Spirit   .   e - +0 plate armour
rPois   .          Reflect  .   (no helmet)
rElec   .          Harm     .   o - +0 cloak
rCorr   .          Rampage  +   h - +0 pair of gloves
Will    .....                   b - +0 pair of boots {rampage}
Stlth   ..........              (no amulet)
HPRegen 0.21/turn               (no ring)
MPRegen 0.14/turn               (no ring)

@: about to teleport, drained
A: fangs 1, strong nose, distributed training
a: Renounce Religion, Depart the Abyss, Bend Space, Banish


You were on level 8 of the Dungeon.
You worshipped Lugonu.
Lugonu was most pleased with you.
You visited 1 branch of the dungeon, and saw 8 of its levels.
You visited the Abyss 1 time.

You collected 579 gold pieces.

Inventory:

Hand Weapons
 k - a +5 dagger
 q - a +1 hand axe of electrocution (weapon)
 r - a +3 hand axe of flaming
 s - a +2 spear
Missiles
 i - 6 poisoned darts (quivered)
Armour
 b - a +0 pair of boots of rampaging (worn)
 e - a +0 plate armour (worn)
 f - a +0 kite shield (worn)
 h - a +0 pair of gloves (worn)
 o - a +0 cloak (worn)
Jewellery
 l - a ring of protection from fire
Wands
 a - a wand of polymorph (12)
 p - a wand of charming (9)
Scrolls
 d - 3 scrolls of fear
 m - a scroll of teleportation
 n - 7 scrolls of identify
Potions
 c - a potion of brilliance
 g - 3 potions of flight
 j - 2 potions of curing
 t - a potion of berserk rage
 u - a potion of ambrosia


   Skills:
 + Level 8.0 Fighting
 + Level 4.4 Short Blades
 + Level 4.4 Long Blades
 + Level 6.4 Axes
 + Level 4.4 Maces & Flails
 + Level 4.4 Polearms
 + Level 4.4 Staves
 + Level 4.4 Slings
 + Level 4.4 Bows
 + Level 4.4 Crossbows
 + Level 4.4 Throwing
 + Level 6.4 Armour
 + Level 5.2 Dodging
 + Level 4.4 Stealth
 + Level 4.4 Shields
 + Level 4.4 Unarmed Combat
 + Level 4.4 Spellcasting
 + Level 3.6 Conjurations
 + Level 3.6 Hexes
 + Level 3.6 Summonings
 + Level 3.6 Necromancy
 + Level 3.6 Translocations
 + Level 3.6 Transmutations
 + Level 3.6 Fire Magic
 + Level 3.6 Ice Magic
 + Level 3.6 Air Magic
 + Level 3.6 Earth Magic
 + Level 3.6 Poison Magic
 + Level 6.7 Invocations
 + Level 4.4 Evocations


You had 16 spell levels left.
You didn't know any spells.
Your spell library contained the following spells:

 Spells                   Type           Power      Damage    Failure   Level
 Animate Skeleton         Necr           16%        N/A       100%        1
 Sandblast                Erth           16%        2d6       100%        1
 Corpse Rot               Necr/Air       N/A        N/A       100%        2
 Passwall                 Tmut/Erth      6%         N/A       100%        2
 Poisonous Vapours        Pois/Air       16%        N/A       100%        2
 Static Discharge         Conj/Air       8%         N/A       100%        2
 Gell's Gravitas          Tloc           4%         N/A       100%        3
 Stone Arrow              Conj/Erth      16%        3d8       100%        3
 Teleport Other           Tloc           8%         N/A       100%        3
 Vampiric Draining        Necr           4%         2d6       100%        3
 Lightning Bolt           Conj/Air       4%         1d15      100%        5
 Death Channel            Necr           4%         N/A       100%        6
 Dispersal                Tloc           4%         N/A       100%        6
 Maxwell's Capacitive Co  Air            4%         ∞         100%        8


Dungeon Overview and Level Annotations

Branches:
Dungeon (8/15)             Temple (0/1) D:6
   Lair: D:8-11

Altars:
Elyvilon
Fedhas
Makhleb
Nemelex Xobeh
Qazlal
Trog
Xom
Zin


Innate Abilities, Weirdness & Mutations

You have very sharp teeth.
Your uncanny sense of smell can sniff out nearby items.
Your experience applies equally to all skills.


Message History

You hit the two-headed ogre.
The two-headed ogre is lightly wounded.
The two-headed ogre hits you with a +0 giant club!
You block the two-headed ogre's attack.
You hit the two-headed ogre.
The two-headed ogre is moderately wounded.
You block the two-headed ogre's attack.
The two-headed ogre hits you with a +0 giant club!!
Unknown command.
You hit the two-headed ogre but do no damage.
You bite the two-headed ogre.
The two-headed ogre is moderately wounded.
You block the two-headed ogre's attack.
The two-headed ogre hits you but does no damage.
Press: ? - help, Shift-Dir - straight line, f - two-headed ogre
Aim: a two-headed ogre, wielding two +0 giant clubs (moderately wounded, chance to affect: 71%)
The two-headed ogre struggles to resist.
You can no longer corrupt the fabric of space.
You block the two-headed ogre's attack.
The two-headed ogre hits you but does no damage.
Press: ? - help, Shift-Dir - straight line, f/p - two-headed ogre
Aim: a two-headed ogre, wielding two +0 giant clubs (moderately wounded, chance to affect: 71%)
The two-headed ogre struggles to resist.
The two-headed ogre hits you but does no damage.
The two-headed ogre hits you with a +0 giant club.
Unknown command.
Throw: 7 darts (poison)
Press: ? - help, Q - select action, (/) - cycle Shift-Dir - straight line, f/p - two-headed ogre
Aim: a two-headed ogre, wielding two +0 giant clubs (moderately wounded, 77% to hit)
You throw a poisoned dart.
The poisoned dart hits the two-headed ogre.
The two-headed ogre is moderately wounded.
You hear some strange, mumbled words.
Something tries to affect you, but you resist.
As you read the scroll of teleportation, it crumbles to dust.
You feel strangely unstable.
The two-headed ogre hits you with a +0 giant club!
* * * LOW HITPOINT WARNING * * *
The two-headed ogre hits you with a +0 giant club!!
You die...

#$.....###......
#..............# ## #...
.......... ..
##.####...#...... ## ..
#)o...........##. #..
##.##.(..........####
#...#..#.................
....#...O................
#.....#@................
#....##...............#
##...................## .
#.......###......#..###
.....##.### ###....##.##.
.....#..#####......##..#.
................##.......
..##.##..#.....###.......
## ######.............


You could see a two-headed ogre and an orc.

Vanquished Creatures
  Sigmund (D:2)
  A steam dragon (D:7)
  Menkaure (D:4)
  Duvessa (D:5)
  An orc warrior (D:6)
  An ice beast (D:3)
  2 necrophages
  A kobold brigand (D:5)
  Blork the orc (D:4)
  A scorpion (D:6)
  Dowan (D:5)
  A water moccasin skeleton (D:5)
  4 killer bees (D:4)
  8 wights (D:7)
  2 centaur zombies (D:7)
  2 bullfrog zombies (D:6)
  An orc priest (D:6)
  2 centaur skeletons
  A jelly (D:5)
  2 bullfrog skeletons
  5 iguanas
  Ijyb (D:4)
  2 orc wizards (D:6)
  7 gnolls
  5 adders
  A white imp (D:7)
  2 worms
  A dart slug (D:3)
  29 orcs
  9 bats
  8 endoplasms
  6 giant cockroaches
  10 goblins
  10 hobgoblins
  4 jackals (D:1)
  A quokka (D:3)
  7 ball pythons
  4 frilled lizards
  6 kobolds
  9 rats
162 creatures vanquished.

Vanquished Creatures (others)
  An orc (D:7)
1 creature vanquished.

Grand Total: 163 creatures vanquished

Notes
Turn   | Place    | Note
-------+----------+-------------------------------------------
     0 | Abyss:1  | Gargoyl the Gnoll Abyssal Knight began the quest for the
                  | Orb.
     0 | Abyss:1  | Reached XP level 1. HP: 23/23 MP: 3/3
    83 | Abyss:1  | Noticed a large abomination
   131 | Abyss:2  | Noticed a starcursed mass
   150 | D:1      | Escaped the Abyss
   337 | D:1      | Reached XP level 2. HP: 14/29 MP: 5/5
   532 | D:1      | Found a faded altar of an unknown god.
   556 | D:1      | Reached * piety under Lugonu
   874 | D:1      | Reached XP level 3. HP: 34/35 MP: 6/6
  1279 | D:2      | Reached skill level 1 in Short Blades
  1279 | D:2      | Reached skill level 1 in Long Blades
  1279 | D:2      | Reached skill level 1 in Maces & Flails
  1279 | D:2      | Reached skill level 1 in Polearms
  1279 | D:2      | Reached skill level 1 in Staves
  1279 | D:2      | Reached skill level 1 in Slings
  1279 | D:2      | Reached skill level 1 in Bows
  1279 | D:2      | Reached skill level 1 in Crossbows
  1279 | D:2      | Reached skill level 1 in Throwing
  1279 | D:2      | Reached skill level 1 in Stealth
  1279 | D:2      | Reached skill level 1 in Shields
  1279 | D:2      | Reached skill level 1 in Unarmed Combat
  1279 | D:2      | Reached skill level 1 in Spellcasting
  1279 | D:2      | Reached skill level 1 in Evocations
  1279 | D:2      | Reached XP level 4. HP: 17/41 MP: 7/7
  1908 | D:2      | Reached ** piety under Lugonu
  2272 | D:2      | Reached skill level 1 in Conjurations
  2272 | D:2      | Reached skill level 1 in Hexes
  2272 | D:2      | Reached skill level 1 in Summonings
  2272 | D:2      | Reached skill level 1 in Necromancy
  2272 | D:2      | Reached skill level 1 in Translocations
  2272 | D:2      | Reached skill level 1 in Transmutations
  2272 | D:2      | Reached skill level 1 in Fire Magic
  2272 | D:2      | Reached skill level 1 in Ice Magic
  2272 | D:2      | Reached skill level 1 in Air Magic
  2272 | D:2      | Reached skill level 1 in Earth Magic
  2272 | D:2      | Reached skill level 1 in Poison Magic
  2279 | D:2      | Noticed Sigmund
  2940 | D:3      | Found a blossoming altar of Fedhas.
  3194 | D:3      | Noticed an ice beast
  3206 | D:3      | Reached XP level 5. HP: 36/47 MP: 8/8
  3217 | D:3      | Killed an ice beast
  3553 | D:3      | Reached skill level 5 in Invocations
  3581 | D:3      | Found a white marble altar of Elyvilon.
  3742 | D:3      | Reached XP level 6. HP: 53/53 MP: 9/9
  4029 | D:3      | Found a shimmering altar of Xom.
  4270 | D:2      | Killed Sigmund
  4271 | D:2      | Reached skill level 5 in Axes
  4271 | D:2      | Reached skill level 5 in Armour
  4435 | D:4      | Identified a scroll of acquirement
  4435 | D:4      | Acquired a +0 pair of boots of rampaging
  4454 | D:4      | Noticed Ijyb
  4465 | D:4      | Paralysed by Ijyb for 4 turns
  4488 | D:4      | Killed Ijyb
  4488 | D:4      | Reached *** piety under Lugonu
  4582 | D:4      | Reached XP level 7. HP: 47/59 MP: 10/10
  4656 | D:4      | Got the Collected Works on Darkness
  4665 | D:4      | Noticed Blork the orc
  4680 | D:4      | Killed Blork the orc
  4681 | D:4      | Reached skill level 7 in Fighting
  4933 | D:4      | Noticed Menkaure
  5078 | D:4      | Found a burning altar of Makhleb.
  5685 | D:4      | Killed Menkaure
  5686 | D:4      | Reached XP level 8. HP: 14/67 MP: 12/12
  6348 | D:5      | Entered Level 5 of the Dungeon
  6472 | D:5      | Noticed Duvessa
  6475 | D:5      | Noticed Dowan
  6488 | D:5      | Killed Duvessa
  6495 | D:5      | Killed Dowan
  6815 | D:5      | Found a bloodstained altar of Trog.
  8044 | D:6      | Found a staircase to the Ecumenical Temple.
  8176 | D:6      | Reached XP level 9. HP: 66/72 MP: 14/14
  8350 | D:6      | Noticed a troll
  8359 | D:6      | Banished a troll
  9010 | D:7      | Found a glowing silver altar of Zin.
  9038 | D:7      | Found a sparkling altar of Nemelex Xobeh.
  9105 | D:7      | Reached skill level 5 in Dodging
  9109 | D:7      | Reached **** piety under Lugonu
  9352 | D:7      | Found a stormy altar of Qazlal.
  9672 | D:7      | Reached skill level 8 in Fighting
 10141 | D:8      | Noticed a two-headed ogre
 10159 | D:8      | Slain by a two-headed ogre

Illustrated notes

Levels and vault maps discovered:
D:1:      lightli_arrival_farm, layout_basic,
          ebering_ecumenical_altar_sacrificial
D:2:      layout_basic, serial_park_tiny_1, minmay_misc_feat_five, st_stairs_6,
          uniq_sigmund
D:3:      layout_loops_ring, tgw_xom, elyvilon_altar_1, amcnicky_altar_gilded,
          serial_glass, glass_columns_c, glass_columns_c, minmay_joined_circles
D:4:      mumra_celtic_spiral_tile, layout_basic, mainiacjoe_overflow_catwalk,
          supply_closet_lemuel, uniq_blork_the_orc, uniq_menkaure, uniq_ijyb
D:5:      layout_loops_ring, mainiacjoe_overflow_concentric_impassable,
          uniq_duvessa
D:6:      layout_basic, minmay_temple_entry_waves, minmay_circle_x
D:7:      layout_rooms, zin_treasury, mainiacjoe_overflow_paths,
          mainiacjoe_overflow_boulevard
D:8:      layout_cave_pools

Skill      XL: |  1  2  3  4  5  6  7  8  9 |
---------------+----------------------------+-----
Short Blades   | 1 2 3 4 |  4.4
Long Blades    | 1 2 3 4 |  4.4
Maces & Flails | 1 2 3 4 |  4.4
Polearms       | 1 2 3 4 |  4.4
Staves         | 1 2 3 4 |  4.4
Slings         | 1 2 3 4 |  4.4
Bows           | 1 2 3 4 |  4.4
Crossbows      | 1 2 3 4 |  4.4
Throwing       | 1 2 3 4 |  4.4
Stealth        | 1 2 3 4 |  4.4
Shields        | 1 2 3 4 |  4.4
Unarmed Combat | 1 2 3 4 |  4.4
Spellcasting   | 1 2 3 4 |  4.4
Evocations     | 1 2 3 4 |  4.4
Conjurations   | 1 2 3 |  3.6
Hexes          | 1 2 3 |  3.6
Summonings     | 1 2 3 |  3.6
Necromancy     | 1 2 3 |  3.6
Translocations | 1 2 3 |  3.6
Transmutations | 1 2 3 |  3.6
Fire Magic     | 1 2 3 |  3.6
Ice Magic      | 1 2 3 |  3.6
Air Magic      | 1 2 3 |  3.6
Earth Magic    | 1 2 3 |  3.6
Poison Magic   | 1 2 3 |  3.6
Dodging        | 3 4 5 |  5.2
Invocations    | 5 6 |  6.7
Axes           | 5 6 |  6.4
Armour         | 5 6 |  6.4
Fighting       | 7 8 |  8.0

Action                   |  1- 3 |  4- 6 |  7- 9 || total
-------------------------+-------+-------+-------++-------
Melee: Hand axe          |   107 |   126 |   248 ||   481
       Bite              |     3 |    10 |    40 ||    53
       Dagger            |       |    95 |    64 ||   159
       Punch             |       |     3 |     3 ||     6
Throw: Javelin           |       |     3 |     3 ||     6
       Dart              |       |       |     7 ||     7
Invok: Depart the Abyss  |     1 |       |       ||     1
       Banish            |       |       |     4 ||     4
  Use: Potion            |     4 |     4 |     3 ||    11
       Scroll            |       |     9 |     9 ||    18
Armor: Leather armour    |    27 |       |       ||    27
       Ring mail         |    11 |     6 |       ||    17
       Skin              |     8 |       |       ||     8
       Chain mail        |       |   101 |    94 ||   195
       Plate armour      |       |       |   124 ||   124
Dodge: Dodged            |    64 |    68 |    89 ||   221
Block: Kite shield       |       |       |    98 ||    98

Table legend: (Time is in decaauts)
 A = Elapsed time spent in this place.
 B = Non-inter-level travel time spent in this place.
 C = Inter-level travel time spent in this place.
 D = Time resting spent in this place.
 E = Time spent auto-exploring this place.
 F = Levels seen in this place.
 G = Mean time per level.
                   A        B        C        D        E       F      G
               +--------+--------+--------+--------+--------+-----+--------+
         Total |  10244 |   9906 |    338 |   1456 |   6621 |  10 | 1024.4 |
       Dungeon |  10094 |   9756 |    338 |   1417 |   6548 |   8 | 1261.8 |
         Abyss |    149 |    149 |      0 |     39 |     73 |   2 |   74.5 |
               +--------+--------+--------+--------+--------+-----+--------+

Top non-repeatable levels by time:
     D:4: 1673 daAuts
     D:1: 1636 daAuts
     D:3: 1621 daAuts
     D:5: 1331 daAuts
     D:2: 1300 daAuts
     D:6: 1298 daAuts
     D:7: 1142 daAuts
     D:8: 88 daAuts
 Abyss:1: 88 daAuts
 Abyss:2: 61 daAuts
